[Event "ICC tourney 2556 (25 5)"]
[Site "Internet Chess Club"]
[Date "2021.05.09"]
[Round "7"]
[White "SWIFT, ANASTASIYA:K05-30125631"]
[Black "MACRAE RUML, HUGH:K05-30130694"]
[Result "1/2-1/2"]
[ICCResult "Game drawn because neither player has mating material"]
[WhiteElo "688"]
[BlackElo "206"]
[Opening "Ruy Lopez: old Steinitz defense"]
[ECO "C62"]
[NIC "RL.02"]
[Time "15:31:40"]
[PlyCount "99"]
[TimeControl "1500+5"]

1. e4 e5 2. Nf3 Nc6 3. Bb5 d6 4. Bxc6+ bxc6 5. O-O Nf6 6. Nc3 d5 7. exd5
cxd5 8. Nxe5 Bd6 9. Nf3 Ng4 10. Qe1+ Be7 11. Nxd5 O-O 12. Nxe7+ Kh8 13.
Nxc8 Re8 14. Qd1 Qxc8 15. d4 g5 16. h3 Nh6 17. Bxg5 Rd8 18. Bxd8 Qxd8 19.
Re1 c5 20. dxc5 Qxd1 21. Raxd1 Rb8 22. c6 Rxb2 23. c7 Rxc2 24. Re8+ Ng8 25.
Ng5 Rxc7 26. Rdd8 Kg7 27. Rxg8+ Kf6 28. Nxh7+ Ke7 29. Rde8+ Kd7 30. Nf6+
Kd6 31. Rd8+ Ke7 32. Rge8+ Kxf6 33. Rd6+ Kg7 34. Re5 f6 35. Rf5 Rf7 36.
Rg5+ fxg5 37. g4 Rc7 38. h4 gxh4 39. g5 Rc2 40. f4 Rxa2 41. f5 h3 42. f6+
Kg6 43. Kh1 Kxg5 44. f7 Rf2 45. Rd7 Kg6 46. f8=Q Rxf8 47. Rxa7 Rf7 48. Rxf7
Kxf7 49. Kh2 Kf6 50. Kxh3 { Game drawn because neither player has mating
material } 1/2-1/2

[Event "ICC tourney 2556 (25 5)"]
[Site "Internet Chess Club"]
[Date "2021.05.09"]
[Round "7"]
[White "MUKHOPADHYAY, ANUSHA:K05-16454747"]
[Black "FUNG, JAYDEN:K05-16706456"]
[Result "1-0"]
[ICCResult "Black checkmated"]
[WhiteElo "1057"]
[BlackElo "761"]
[Opening "Caro-Kann: advance variation"]
[ECO "B12"]
[NIC "CK.04"]
[Time "15:30:20"]
[PlyCount "101"]
[TimeControl "1500+5"]

1. e4 c6 2. d4 d5 3. e5 Bf5 4. Bd3 Bxd3 5. Qxd3 e6 6. Nf3 Nd7 7. Be3 a6 8.
c3 c5 9. Nbd2 cxd4 10. cxd4 Nb6 11. O-O Ne7 12. Rac1 Nc6 13. a3 Be7 14. h3
O-O 15. Rc2 Qd7 16. Rfc1 Rac8 17. Nb3 Nc4 18. Nbd2 Nxd2 19. Qxd2 f6 20.
exf6 Bxf6 21. Bg5 Bxg5 22. Qxg5 Rce8 23. Ne5 Nxe5 24. Qxe5 Rf5 25. Qg3 Qf7
26. Rc7 Re7 27. Rc8+ Re8 28. R1c7 Rxc8 29. Rxc8+ Qf8 30. Rxf8+ Rxf8 31. Qc7
b5 32. Qc6 Rf6 33. Qxa6 e5 34. Qc8+ Rf8 35. Qe6+ Kh8 36. Qxe5 h6 37. Qxd5
Rb8 38. Qc6 Kh7 39. d5 g5 40. Qc7+ Kg6 41. Qxb8 Kf5 42. d6 Ke6 43. Qc7 b4
44. d7 bxa3 45. bxa3 g4 46. d8=Q g3 47. Qce7+ Kf5 48. Qdf8+ Kg6 49. Qeg7+
Kh5 50. Qf5+ Kh4 51. Qgg4# { Black checkmated } 1-0

[Event "ICC tourney 2556 (25 5)"]
[Site "Internet Chess Club"]
[Date "2021.05.09"]
[Round "7"]
[White "LEYTE VIDAL, BRANDON:K05-17196870"]
[Black "WOLFE, JAXON:K05-16374716"]
[Result "0-1"]
[ICCResult "White checkmated"]
[WhiteElo "1118"]
[BlackElo "1543"]
[Opening "Sicilian defense"]
[ECO "B30"]
[NIC "SI.31"]
[Time "15:31:03"]
[PlyCount "106"]
[TimeControl "1500+5"]

1. e4 c5 2. Nf3 Nc6 3. Nc3 a6 4. d3 e6 5. Bf4 h6 6. e5 Nge7 7. Be2 Ng6 8.
Bg3 h5 9. h4 Qc7 10. Qd2 b5 11. Ne4 Bb7 12. Qe3 Nb4 13. Bd1 c4 14. dxc4
Qxc4 15. Nd6+ Bxd6 16. exd6 Bxf3 17. Qxf3 O-O 18. c3 Nd3+ 19. Kd2 Nxb2 20.
Be2 Qc5 21. Rab1 Nc4+ 22. Bxc4 Qxc4 23. Rb4 Qxa2+ 24. Ke3 Qc2 25. Kd4 Qd2+
26. Qd3 Qxd3+ 27. Kxd3 Rac8 28. Ra1 Rc6 29. f3 Rfc8 30. Rc1 e5 31. Ke4 f6
32. Kf5 Kf7 33. Re4 Rxc3 34. Ra1 R8c6 35. f4 Rxg3 36. fxe5 Nxe5 37. Rf1
Rxd6 38. Rxe5 fxe5 39. Kxe5+ Ke7 40. Re1 Re6+ 41. Kf4 Rg4+ 42. Kf5 Rxe1 43.
g3 Rf1+ 44. Ke5 Rxg3 45. Kd5 b4 46. Kc4 a5 47. Kb5 b3 48. Ka6 b2 49. Ka7
b1=Q 50. Ka6 a4 51. Ka5 a3 52. Ka4 a2 53. Ka5 a1=Q# { White checkmated }
0-1

[Event "ICC tourney 2556 (25 5)"]
[Site "Internet Chess Club"]
[Date "2021.05.09"]
[Round "7"]
[White "BHATT, DEV:K05-16675618"]
[Black "JAICHAND, RISHAB:K05-16786245"]
[Result "0-1"]
[ICCResult "White checkmated"]
[WhiteElo "883"]
[BlackElo "1188"]
[Opening "Four knights: Scotch, 4...exd4"]
[ECO "C47"]
[NIC "QP.11"]
[Time "15:30:55"]
[PlyCount "38"]
[TimeControl "1500+5"]

1. Nf3 Nf6 2. Nc3 Nc6 3. e4 e5 4. d4 exd4 5. Nxd4 Bc5 6. Nxc6 bxc6 7. Be2
d6 8. O-O O-O 9. Bg5 h6 10. Bh4 Qe7 11. Qd2 Qe6 12. Bd3 Ng4 13. h3 Ne5 14.
Bg3 Qg6 15. a3 Qxg3 16. Kh1 Qh4 17. Rab1 Bxh3 18. gxh3 Qxh3+ 19. Kg1 Nf3# {
White checkmated } 0-1

[Event "ICC tourney 2556 (25 5)"]
[Site "Internet Chess Club"]
[Date "2021.05.09"]
[Round "7"]
[White "WOO, ALEXANDER:K05-17096034"]
[Black "ZIANG FENG, STEVEN:K05-16388220"]
[Result "0-1"]
[ICCResult "White checkmated"]
[WhiteElo "850"]
[BlackElo "1428"]
[Opening "Sicilian: dragon variation"]
[ECO "B70"]
[NIC "SI.15"]
[Time "15:30:34"]
[PlyCount "128"]
[TimeControl "1500+5"]

1. e4 c5 2. Nf3 d6 3. Nc3 Nf6 4. d4 cxd4 5. Nxd4 g6 6. Bg5 Bg7 7. Bd3 Nc6
8. Bb5 Bd7 9. Qd3 Nb4 10. Bxd7+ Qxd7 11. Qd2 Nc6 12. Nxc6 Qxc6 13. f3 O-O
14. O-O-O Rac8 15. Bh6 b5 16. Bxg7 Kxg7 17. Nd5 Nxd5 18. exd5 Qc5 19. Kb1
Rc7 20. Qd4+ Qxd4 21. Rxd4 Rfc8 22. Rc1 Kf6 23. Re4 Rc5 24. Rf4+ Kg7 25.
Rd4 f5 26. c3 Rc4 27. Rxc4 Rxc4 28. b3 Rc5 29. c4 bxc4 30. Rxc4 Rxc4 31.
bxc4 Kf6 32. Kc2 Ke5 33. Kd3 Kf4 34. Kd4 h5 35. c5 dxc5+ 36. Kxc5 Ke5 37.
g3 g5 38. h3 a6 39. Kb6 Kxd5 40. Kxa6 e5 41. Kb6 e4 42. fxe4+ fxe4 43. a4
e3 44. a5 e2 45. a6 e1=Q 46. a7 Qb1+ 47. Kc7 Qa2 48. Kb7 Qxa7+ 49. Kxa7 Ke4
50. Kb6 Kf3 51. g4 hxg4 52. hxg4 Kxg4 53. Kc5 Kf3 54. Kd4 g4 55. Kd3 g3 56.
Kd2 g2 57. Kd3 g1=Q 58. Kc3 Qe3+ 59. Kc4 Ke4 60. Kb5 Qc3 61. Kb6 Kd5 62.
Kb5 Qb3+ 63. Ka6 Kc6 64. Ka5 Qa3# { White checkmated } 0-1

[Event "ICC tourney 2556 (25 5)"]
[Site "Internet Chess Club"]
[Date "2021.05.09"]
[Round "7"]
[White "POTASHINSKY, ILAN:K05-17014227"]
[Black "SIZOVA, SOPHIA:K05-16858008"]
[Result "0-1"]
[ICCResult "White checkmated"]
[WhiteElo "266"]
[BlackElo "657"]
[Opening "Queen's pawn game"]
[ECO "D00"]
[NIC "QP.07"]
[Time "15:31:30"]
[PlyCount "36"]
[TimeControl "1500+5"]

1. d4 Nf6 2. Nc3 d5 3. Be3 Bf5 4. Qd2 e6 5. O-O-O Nc6 6. Nf3 Qd6 7. Nb5 Qe7
8. Bg5 a6 9. Nc3 h6 10. Bh4 g5 11. Bg3 Na5 12. Na4 Nc4 13. Qa5 Nxa5 14. Nc5
Nd7 15. Na4 Qb4 16. Nc3 Nc4 17. b3 Qxc3 18. Rd2 Qa1# { White checkmated }
0-1

[Event "ICC tourney 2556 (25 5)"]
[Site "Internet Chess Club"]
[Date "2021.05.09"]
[Round "7"]
[White "PARHAR, VIVAAN:K05-16000954"]
[Black "CHANG LIU, NATHAN:K05-16650672"]
[Result "0-1"]
[ICCResult "White checkmated"]
[WhiteElo "1148"]
[BlackElo "1575"]
[Opening "Giuoco Pianissimo"]
[ECO "C50"]
[NIC "IG.02"]
[Time "15:30:44"]
[PlyCount "158"]
[TimeControl "1500+5"]

1. e4 e5 2. Nf3 Nc6 3. Bc4 Bc5 4. d3 d6 5. c3 Nf6 6. a4 a5 7. O-O O-O 8. h3
Ne7 9. Bg5 Ng6 10. d4 Bb6 11. dxe5 dxe5 12. Qxd8 Rxd8 13. Nxe5 Nxe5 14.
Bxf6 gxf6 15. Bb3 Nd3 16. Na3 Nc5 17. Bc4 Nxe4 18. Nb5 Bf5 19. b3 Nd2 20.
Rfd1 Nxc4 21. Rxd8+ Rxd8 22. bxc4 Rd2 23. Rc1 Rxf2 24. Kh1 Be4 25. Nd4 Rxg2
26. Rf1 Bxd4 27. cxd4 Rf2+ 28. Kg1 Rxf1+ 29. Kxf1 Bd3+ 30. Ke1 Bxc4 31. Kd2
Bb3 32. Kc3 Bxa4 33. Kc4 b5+ 34. Kc3 b4+ 35. Kb2 f5 36. Kc1 b3 37. Kd2 b2
38. Ke3 b1=Q 39. Kf4 Qe4+ 40. Kg5 Bd1 41. Kf6 a4 42. Kg5 a3 43. h4 a2 44.
h5 a1=B 45. h6 Qh4+ 46. Kxh4 Bxd4 47. Kg3 Be3 48. Kh4 Bxh6 49. Kh3 Kg7 50.
Kg2 Kg6 51. Kf1 Ba4 52. Ke1 f4 53. Kf2 Kf5 54. Kf3 c5 55. Ke2 Ke4 56. Kf2
f3 57. Kf1 f2 58. Kxf2 f5 59. Ke2 Be3 60. Ke1 f4 61. Ke2 f3+ 62. Kf1 f2 63.
Ke2 f1=Q+ 64. Kxf1 Kf3 65. Ke1 Bg5 66. Kf1 h5 67. Kg1 h4 68. Kh2 h3 69.
Kxh3 c4 70. Kh2 c3 71. Kg1 c2 72. Kh2 c1=Q 73. Kh3 Qd1 74. Kh2 Qh1+ 75.
Kxh1 Kg3 76. Kg1 Bb5 77. Kh1 Bd8 78. Kg1 Bb6+ 79. Kh1 Bc6# { White
checkmated } 0-1

[Event "ICC tourney 2556 (25 5)"]
[Site "Internet Chess Club"]
[Date "2021.05.09"]
[Round "7"]
[White "SOMARAM, AKANKSHA:K05-17045572"]
[Black "TCHENG, GENE:K05-16951443"]
[Result "0-1"]
[ICCResult "White checkmated"]
[WhiteElo "333"]
[BlackElo "769"]
[Opening "Latvian counter-gambit"]
[ECO "C40"]
[NIC "KP.09"]
[Time "15:31:01"]
[PlyCount "96"]
[TimeControl "1500+5"]

1. e4 e5 2. Nf3 f5 3. d3 Nc6 4. Nc3 Nf6 5. Bg5 Bb4 6. a3 Bxc3+ 7. bxc3 f4
8. Bxf6 Qxf6 9. Be2 O-O 10. O-O d6 11. d4 Ne7 12. dxe5 dxe5 13. Bc4+ Be6
14. Bxe6+ Qxe6 15. Qd3 Rad8 16. Qb5 b6 17. Ng5 Qc6 18. Qxc6 Nxc6 19. Ne6
Rf7 20. Nxd8 Nxd8 21. f3 Ne6 22. Rad1 c5 23. Rd6 Ng5 24. Rd8+ Rf8 25. Rxf8+
Kxf8 26. Rd1 Ke7 27. Rd5 Ke6 28. c4 h5 29. h3 h4 30. Kh2 Nf7 31. g4 fxg3+
32. Kg2 Nd6 33. Rxd6+ Kxd6 34. a4 Kc6 35. c3 Kb7 36. Kg1 g5 37. Kg2 Ka6 38.
Kg1 Ka5 39. Kg2 Kxa4 40. f4 gxf4 41. Kf3 Kb3 42. Kg4 g2 43. Kxh4 g1=Q 44.
Kh5 f3 45. h4 f2 46. Kh6 f1=Q 47. h5 Qf6+ 48. Kh7 Qgg7# { White checkmated
} 0-1

[Event "ICC tourney 2556 (25 5)"]
[Site "Internet Chess Club"]
[Date "2021.05.09"]
[Round "7"]
[White "KIRILOV SAKALIYSKI, CHRISTOPHER:K05-16115040"]
[Black "CHUGH, ROHAN:K05-16024710"]
[Result "1-0"]
[ICCResult "Black checkmated"]
[WhiteElo "1446"]
[BlackElo "1072"]
[Opening "English opening"]
[ECO "A20"]
[NIC "EO.24"]
[Time "15:30:46"]
[PlyCount "83"]
[TimeControl "1500+5"]

1. c4 e5 2. g3 Nf6 3. Bg2 Bc5 4. e3 O-O 5. Ne2 Nc6 6. Nbc3 d5 7. cxd5 Ne7
8. e4 c6 9. dxc6 bxc6 10. d3 Ng4 11. O-O Qd6 12. h3 Nf6 13. Bg5 h6 14. Be3
Bxe3 15. fxe3 Rd8 16. Qc1 Qxd3 17. Rd1 Qa6 18. Rxd8+ Kh7 19. Rd1 Be6 20. g4
Nc8 21. Ng3 Nd6 22. Rxd6 Rb8 23. Nf5 Rb4 24. a3 Rb3 25. Qc2 Qb6 26. Rb1 g6
27. Ng3 Qxe3+ 28. Qf2 Qxf2+ 29. Kxf2 h5 30. gxh5 gxh5 31. Nf5 Kg6 32. Rxc6
Kg5 33. h4+ Kf4 34. Ne2+ Kg4 35. Rg1 Bxf5 36. exf5 Kxf5 37. Ng3+ Kg4 38.
Rxf6 Rxb2+ 39. Ne2 Rb3 40. Bf3+ Kxh4 41. Rf5 e4 42. Rxh5# { Black
checkmated } 1-0

[Event "ICC tourney 2556 (25 5)"]
[Site "Internet Chess Club"]
[Date "2021.05.09"]
[Round "7"]
[White "WILSON, HANSEN:K05-16811481"]
[Black "LANG, CONNOR:K05-15878215"]
[Result "0-1"]
[ICCResult "White checkmated"]
[WhiteElo "903"]
[BlackElo "1275"]
[Opening "Scandinavian (center counter) defense"]
[ECO "B01"]
[NIC "SD.01"]
[Time "15:30:54"]
[PlyCount "88"]
[TimeControl "1500+5"]

1. e4 d5 2. exd5 Qxd5 3. Nc3 Qa5 4. Bc4 Nf6 5. d4 c6 6. Bf4 e6 7. Nf3 Bb4
8. Bd2 Qc7 9. Ne4 Bxd2+ 10. Nexd2 Nbd7 11. Nb3 Nb6 12. Nc5 Nxc4 13. Na4
Qa5+ 14. c3 O-O 15. Qb3 b5 16. Nc5 Nd7 17. Nxd7 Bxd7 18. a4 Rfe8 19. O-O h6
20. axb5 Qxb5 21. Qa2 a6 22. Rab1 e5 23. dxe5 Bg4 24. Rfe1 Bxf3 25. gxf3
Nd2 26. e6 Nxf3+ 27. Kh1 Qd5 28. exf7+ Kxf7 29. Qxd5+ cxd5 30. Kg2 Nxe1+
31. Rxe1 Rxe1 32. f3 Re2+ 33. Kg3 Rxb2 34. f4 Rb3 35. Kg4 Rxc3 36. h4 a5
37. f5 a4 38. h5 a3 39. f6 Kxf6 40. Kf4 a2 41. Kg4 a1=Q 42. Kf4 Qf1+ 43.
Kg4 Qg2+ 44. Kf4 Ra4# { White checkmated } 0-1

[Event "ICC tourney 2556 (25 5)"]
[Site "Internet Chess Club"]
[Date "2021.05.09"]
[Round "7"]
[White "PETUKHOV, ARTHUR:K05-16615802"]
[Black "RAJ ALAGUMALAI, GAUTHAM:K05-17028646"]
[Result "1-0"]
[ICCResult "Black checkmated"]
[WhiteElo "1287"]
[BlackElo "890"]
[Opening "Ruy Lopez: Berlin defense, Beverwijk variation"]
[ECO "C64"]
[NIC "RL.01"]
[Time "15:30:11"]
[PlyCount "49"]
[TimeControl "1500+5"]

1. e4 e5 2. Nf3 Nc6 3. Bb5 Bc5 4. O-O Nf6 5. d3 O-O 6. Bxc6 dxc6 7. Nxe5
Re8 8. Nf3 Bg4 9. h3 Bh5 10. Bg5 Bd4 11. c3 Be5 12. d4 Bxd4 13. cxd4 Rxe4
14. Nc3 Rxd4 15. Qxd4 Bxf3 16. Qxd8+ Rxd8 17. gxf3 Rd6 18. Bxf6 Rxf6 19.
Rfe1 g6 20. Re8+ Kg7 21. Kg2 h5 22. Ne4 Rf5 23. Rd1 f6 24. Rd7+ Kh6 25.
Rh8# { Black checkmated } 1-0

[Event "ICC tourney 2556 (25 5)"]
[Site "Internet Chess Club"]
[Date "2021.05.09"]
[Round "7"]
[White "JOSHUA RAJESH, AADITYA:K05-16964021"]
[Black "WISHWAS, SUKRIT:K05-16469652"]
[Result "1-0"]
[ICCResult "Black checkmated"]
[WhiteElo "989"]
[BlackElo "731"]
[Opening "Giuoco Piano"]
[ECO "C50"]
[NIC "IG.02"]
[Time "15:30:25"]
[PlyCount "81"]
[TimeControl "1500+5"]

1. e4 e5 2. Nf3 Nc6 3. Bc4 Bc5 4. O-O d6 5. h3 Be6 6. Bb3 Nf6 7. Nc3 O-O 8.
d3 h6 9. Be3 Bb6 10. a3 Qd7 11. Qd2 Rad8 12. Rad1 Qe7 13. Nd5 Nxd5 14. exd5
Bxd5 15. Bxd5 Rfe8 16. Rfe1 Qd7 17. Ba2 Ne7 18. Qc3 Nf5 19. Bxb6 axb6 20.
b4 c5 21. Qb2 Re7 22. Nd2 d5 23. Nf3 f6 24. Qb1 Qc7 25. Rd2 e4 26. dxe4 Nd6
27. exd5 Rxe1+ 28. Qxe1 Re8 29. Qxe8+ Nxe8 30. d6+ Qf7 31. Bxf7+ Kxf7 32.
d7 Ke7 33. d8=Q+ Kf8 34. Re2 Kg8 35. Qxe8+ Kh7 36. Qe4+ g6 37. Rd2 h5 38.
Rd7+ Kh6 39. Qe3+ g5 40. Qe4 g4 41. Qh7# { Black checkmated } 1-0

[Event "ICC tourney 2556 (25 5)"]
[Site "Internet Chess Club"]
[Date "2021.05.09"]
[Round "7"]
[White "BRACK KARSTEN, ROWAN:K05-16593891"]
[Black "DEVARAJ, SIRI:K05-16369654"]
[Result "0-1"]
[ICCResult "White resigns"]
[WhiteElo "786"]
[BlackElo "1077"]
[Opening "Sicilian"]
[ECO "B50"]
[NIC "SI.01"]
[Time "15:30:57"]
[PlyCount "72"]
[TimeControl "1500+5"]

1. e4 c5 2. Nf3 d6 3. Nc3 Nf6 4. Bb5+ Bd7 5. Bxd7+ Qxd7 6. d4 cxd4 7. Qxd4
Nc6 8. Qc4 g6 9. Ng5 e6 10. O-O Bg7 11. Bf4 O-O 12. Nb5 d5 13. exd5 exd5
14. Qb3 a6 15. Nc7 Ra7 16. Be3 d4 17. Nce6 Re8 18. Nc5 Qd5 19. Qxd5 Nxd5
20. Bd2 b6 21. Nb3 Rae7 22. Nf3 Re2 23. Nc1 R2e6 24. Ng5 R6e7 25. c4 dxc3
26. bxc3 Nxc3 27. Bxc3 Bxc3 28. Rb1 b5 29. Nd3 Ne5 30. Nxe5 Rxe5 31. Nf3
Re2 32. Rb3 Bg7 33. Ra3 Ra8 34. Re1 Rxe1+ 35. Nxe1 Bf8 36. Ra5 Bb4 { White
resigns } 0-1

[Event "ICC tourney 2556 (25 5)"]
[Site "Internet Chess Club"]
[Date "2021.05.09"]
[Round "7"]
[White "SINHA, RITIKA:K05-30103427"]
[Black "T ZHANG, ZACK:K05-16058247"]
[Result "0-1"]
[ICCResult "White checkmated"]
[WhiteElo "100"]
[BlackElo "644"]
[Opening "French: Two knights variation"]
[ECO "A04"]
[NIC "QP.11"]
[Time "15:31:23"]
[PlyCount "52"]
[TimeControl "1500+5"]

1. Nf3 e6 2. Nc3 d5 3. e4 c5 4. exd5 exd5 5. Nxd5 Qxd5 6. c4 Qd8 7. Qa4+
Bd7 8. b3 Bxa4 9. bxa4 Nc6 10. Bd3 Qxd3 11. g3 Nd4 12. Nxd4 Qxd4 13. Rb1
Nf6 14. Ke2 Ng4 15. f3 Qf2+ 16. Kd1 Qxf3+ 17. Ke1 Qxh1+ 18. Ke2 Qg2+ 19.
Ke1 Qf2+ 20. Kd1 Ne3+ 21. dxe3 Rd8+ 22. Bd2 Bd6 23. Kc2 Be5 24. Kb3 Qxd2
25. Ka3 Rd3+ 26. Rb3 Bb2# { White checkmated } 0-1

[Event "ICC tourney 2556 (25 5)"]
[Site "Internet Chess Club"]
[Date "2021.05.09"]
[Round "7"]
[White "YANG, DANIEL:K05-16464806"]
[Black "S MORGAN, LAKSHMI:K05-16867525"]
[Result "1-0"]
[ICCResult "Black resigns"]
[WhiteElo "1597"]
[BlackElo "1108"]
[Opening "QGD: semi-Slav"]
[ECO "D31"]
[NIC "SL.06"]
[Time "15:31:01"]
[PlyCount "59"]
[TimeControl "1500+5"]

1. d4 d5 2. c4 e6 3. Nc3 c6 4. e3 Bd6 5. Nf3 Nd7 6. Qc2 f5 7. b3 Ngf6 8.
Bb2 O-O 9. Bd3 Ne4 10. cxd5 exd5 11. a4 Ndf6 12. Ba3 Bxa3 13. Rxa3 Qd6 14.
Ra1 Be6 15. O-O Rae8 16. Ne5 Nd7 17. f4 Rf6 18. Rf3 Rh6 19. Raf1 Nxe5 20.
fxe5 Qe7 21. Bxe4 fxe4 22. Rf4 Qg5 23. Qf2 Qe7 24. Ne2 Rg6 25. Ng3 h6 26.
Nf5 Bxf5 27. Rxf5 Kh7 28. Rf7 Qe6 29. Rxb7 a6 30. Qf5 { Black resigns } 1-0

[Event "ICC tourney 2556 (25 5)"]
[Site "Internet Chess Club"]
[Date "2021.05.09"]
[Round "7"]
[White "ERVIN KAPLAN, MILES:K05-16937188"]
[Black "EVDOKIMOV, TIMOFEY:K05-16592703"]
[Result "0-1"]
[ICCResult "White checkmated"]
[WhiteElo "1202"]
[BlackElo "850"]
[Opening "Giuoco Pianissimo: Italian four knights variation"]
[ECO "C50"]
[NIC "IG.02"]
[Time "15:30:55"]
[PlyCount "160"]
[TimeControl "1500+5"]

1. e4 e5 2. Nf3 Nc6 3. Bc4 Bc5 4. Nc3 Nf6 5. d3 h6 6. Be3 Bb6 7. O-O d6 8.
Nd5 Bg4 9. Re1 Nd4 10. Bxd4 Bxd4 11. c3 Bb6 12. h3 Bh5 13. g4 Nxg4 14. hxg4
Bxg4 15. Kf1 O-O 16. Nxb6 axb6 17. Re3 Qf6 18. d4 Rfd8 19. Qd3 c6 20. Nd2
Qh4 21. Ke1 b5 22. Bb3 c5 23. dxc5 Qh1+ 24. Qf1 Qxf1+ 25. Nxf1 dxc5 26. f3
Bh5 27. Ng3 Bg6 28. Rd1 c4 29. Rxd8+ Rxd8 30. Bc2 Ra8 31. a3 b4 32. cxb4 b5
33. Kd2 Rd8+ 34. Kc3 Bh7 35. Re1 g6 36. Rd1 Rxd1 37. Bxd1 f5 38. exf5 gxf5
39. Bc2 f4 40. Bxh7+ Kxh7 41. Nh5 Kg6 42. Nxf4+ exf4 43. Kd2 Kg5 44. Ke2
Kh4 45. Kf2 Kh3 46. a4 bxa4 47. b5 a3 48. bxa3 c3 49. b6 c2 50. b7 c1=Q 51.
b8=Q Qd2+ 52. Kf1 Qd1+ 53. Kf2 Qc2+ 54. Kf1 Qd3+ 55. Kf2 Qd2+ 56. Kf1 Qg2+
57. Ke1 Qg3+ 58. Ke2 h5 59. Qc8+ Kg2 60. Qc6 h4 61. Qd5 Qf2+ 62. Kd3 Qxf3+
63. Qxf3+ Kxf3 64. a4 h3 65. a5 h2 66. a6 h1=Q 67. a7 Qa1 68. a8=Q+ Qxa8
69. Kd4 Qe4+ 70. Kc5 Qd3 71. Kb4 Qc2 72. Kb5 Qc3 73. Kb6 Qc4 74. Kb7 Qc5
75. Ka6 Qb4 76. Ka7 Qb5 77. Ka8 Ke4 78. Ka7 Kd5 79. Ka8 Kc6 80. Ka7 Qb7# {
White checkmated } 0-1

[Event "ICC tourney 2556 (25 5)"]
[Site "Internet Chess Club"]
[Date "2021.05.09"]
[Round "7"]
[White "JAIN, KANISHK:K05-16575412"]
[Black "AMRANY, BENJAMIN:K05-17261253"]
[Result "1-0"]
[ICCResult "Black checkmated"]
[WhiteElo "537"]
[BlackElo "1241"]
[Opening "Caro-Kann: advance variation"]
[ECO "B12"]
[NIC "CK.04"]
[Time "15:30:28"]
[PlyCount "129"]
[TimeControl "1500+5"]

1. e4 c6 2. d4 d5 3. e5 Bf5 4. h4 h6 5. Nc3 e6 6. Bd3 Bxd3 7. Qxd3 c5 8.
Nf3 cxd4 9. Nxd4 a6 10. a3 Bc5 11. Be3 Bxd4 12. Qxd4 Nc6 13. Qa4 Qd7 14.
Bf4 Nge7 15. Nb5 O-O-O 16. Nd6+ Kb8 17. Nxf7 Rdf8 18. Nxh8 Rxh8 19. g3 Ng6
20. O-O-O Qc8 21. Rhe1 b5 22. Qb3 Qc7 23. a4 b4 24. Qe3 Rc8 25. Rd2 Na5 26.
Kb1 Nc4 27. Qe2 Nxf4 28. gxf4 Nxd2+ 29. Qxd2 a5 30. Re3 Qe7 31. c3 bxc3 32.
Rxc3 Rxc3 33. Qxc3 Qc7 34. Kc2 Qxc3+ 35. Kxc3 Kc7 36. Kd4 Kc6 37. h5 Kd7
38. f5 exf5 39. Kxd5 Ke7 40. e6 f4 41. Ke4 Kxe6 42. Kxf4 Kd5 43. Kf5 Kc4
44. Kg6 Kb3 45. Kxg7 Kxa4 46. Kxh6 Kb3 47. Kg6 Kxb2 48. h6 a4 49. h7 a3 50.
h8=Q+ Kb1 51. Qh1+ Ka2 52. f4 Kb2 53. f5 a2 54. f6 a1=Q 55. Qxa1+ Kxa1 56.
f7 Kb2 57. f8=Q Kc3 58. Qf4 Kb2 59. Qe3 Ka1 60. Qd2 Kb1 61. Kf5 Ka1 62. Ke4
Kb1 63. Kd3 Ka1 64. Kc3 Kb1 65. Qb2# { Black checkmated } 1-0

[Event "ICC tourney 2556 (25 5)"]
[Site "Internet Chess Club"]
[Date "2021.05.09"]
[Round "7"]
[White "HOJA, SABRINA:K05-16995856"]
[Black "RAMAN, ARJUN:K05-16786670"]
[Result "1-0"]
[ICCResult "Black checkmated"]
[WhiteElo "924"]
[BlackElo "1310"]
[Opening "QGD: exchange, positional line"]
[ECO "D35"]
[NIC "QO.16"]
[Time "15:30:30"]
[PlyCount "51"]
[TimeControl "1500+5"]

1. d4 d5 2. c4 e6 3. Nc3 Nf6 4. cxd5 exd5 5. Bg5 Be7 6. Nf3 c6 7. e3 O-O 8.
Bd3 h6 9. Bh4 Nbd7 10. O-O Ng4 11. Bxe7 Qxe7 12. h3 Ngf6 13. Qc2 Nb6 14. b3
Re8 15. Rfe1 Ne4 16. Nd2 Nxd2 17. Qxd2 Qg5 18. Kh2 Qh4 19. e4 Re6 20. Re3
Rf6 21. Rg3 dxe4 22. Nxe4 Rf4 23. Re1 Bf5 24. Nf6+ Kf8 25. Qb4+ c5 26.
Qxc5# { Black checkmated } 1-0

[Event "ICC tourney 2556 (25 5)"]
[Site "Internet Chess Club"]
[Date "2021.05.09"]
[Round "7"]
[White "AMBIL, ANKITH:K05-30069257"]
[Black "KRISHNA JAYAKRISHNAN, CHETHAN:K05-16682197"]
[Result "0-1"]
[ICCResult "White resigns"]
[WhiteElo "100"]
[BlackElo "693"]
[Opening "Four knights game"]
[ECO "C47"]
[NIC "KP.06"]
[Time "15:31:18"]
[PlyCount "27"]
[TimeControl "1500+5"]

1. e4 e5 2. Nf3 Nc6 3. Nc3 Nf6 4. d3 Bb4 5. Bg5 d6 6. Qd2 O-O 7. O-O-O Nd4
8. Nxd4 exd4 9. Qf4 dxc3 10. Bxf6 Qxf6 11. Qxf6 gxf6 12. Re1 cxb2+ 13. Kb1
Bxe1 14. Be2 { White resigns } 0-1

[Event "ICC tourney 2556 (25 5)"]
[Site "Internet Chess Club"]
[Date "2021.05.09"]
[Round "7"]
[White "KARPENKO, OSKAR:K05-16342416"]
[Black "AUSTIN YIM, ZACHERY:K05-16198943"]
[Result "0-1"]
[ICCResult "White checkmated"]
[WhiteElo "811"]
[BlackElo "1101"]
[Opening "Sicilian: dragon, 6.Be3"]
[ECO "B72"]
[NIC "SI.16"]
[Time "15:30:38"]
[PlyCount "144"]
[TimeControl "1500+5"]

1. e4 c5 2. Nf3 d6 3. d4 cxd4 4. Nxd4 Nf6 5. Nc3 g6 6. Be3 Bg7 7. Bc4 O-O
8. O-O Nc6 9. Nxc6 bxc6 10. Qd2 c5 11. Bh6 Bb7 12. Bxg7 Kxg7 13. Rfe1 Rb8
14. h4 Bc6 15. Rab1 e6 16. e5 dxe5 17. Qxd8 Rfxd8 18. Rxe5 Rb4 19. Be2 Rxh4
20. Rxc5 Ba8 21. Rc7 Rd7 22. Rxd7 Nxd7 23. Rd1 Ne5 24. Rd8 Bd5 25. Nxd5
exd5 26. Rxd5 Kf6 27. g3 Rb4 28. Rb5 Ra4 29. a3 Re4 30. Bd3 Re1+ 31. Kg2
Rd1 32. Rd5 Rd2 33. b4 Ng4 34. Kf3 h5 35. Bc4 Rxc2 36. Be2 Rc3+ 37. Rd3
Ne5+ 38. Ke4 Nxd3 39. Bxd3 Rxa3 40. Kd4 Ke6 41. Kc4 Kd6 42. Be4 Kc7 43. Bd5
f6 44. Bf7 g5 45. Bxh5 Kb6 46. Be8 Rf3 47. Kd5 Rxf2 48. Ke6 a5 49. bxa5+
Kxa5 50. Bc6 Kb6 51. Ba8 Kc5 52. Bb7 Kd4 53. Ba8 Ke3 54. Bb7 f5 55. Ke5 f4
56. gxf4 gxf4 57. Kf5 f3 58. Bxf3 Rxf3+ 59. Ke5 Rf4 60. Kd5 Re4 61. Kc5 Kd3
62. Kb5 Kc3 63. Ka5 Rb4 64. Ka6 Kc4 65. Ka7 Kc5 66. Ka6 Rb5 67. Ka7 Kc6 68.
Ka6 Kc5 69. Ka7 Rb6 70. Ka8 Kc6 71. Ka7 Kc7 72. Ka8 Ra6# { White checkmated
} 0-1

[Event "ICC tourney 2556 (25 5)"]
[Site "Internet Chess Club"]
[Date "2021.05.09"]
[Round "7"]
[White "GURLEY, ADELYN:K05-16399220"]
[Black "SKOCZYLAS, ALEXANDER:K05-16503528"]
[Result "0-1"]
[ICCResult "White checkmated"]
[WhiteElo "733"]
[BlackElo "1001"]
[Opening "Petrov's defense"]
[ECO "C42"]
[NIC "RG.03"]
[Time "15:30:04"]
[PlyCount "40"]
[TimeControl "1500+5"]

1. e4 e5 2. Nf3 Nf6 3. Nxe5 Nc6 4. Nf3 Nxe4 5. Qe2 Qe7 6. g3 Nf6 7. b3 d5
8. Bb2 Bg4 9. h3 Bxf3 10. Nc3 Bxe2 11. Bxe2 d4 12. d3 dxc3 13. Bxc3 Nd5 14.
Bb2 Qb4+ 15. Kd1 Nc3+ 16. Kd2 Nb1+ 17. Ke3 Qd2+ 18. Kf3 Nc3 19. Bd1 Bc5 20.
Kg2 Qxf2# { White checkmated } 0-1